[Event "GrandPrix_30.05"]
[Site "Chess.com"]
[Date "2020.05.30"]
[Round "2"]
[White "Tesla37"]
[Black "Malysch"]
[Result "1-0"]
[WhiteElo "2853"]
[BlackElo "2361"]
[TimeControl "600+2"]
[EndTime "8:46:48 PDT"]
[Termination "Tesla37 won by resignation"]

1. e4 Nf6 2. e5 Nd5 3. d4 d6 4.
Nf3 dxe5 5. Nxe5 c6 6. Be2 Bf5 7. O-O Nd7 8. c4 Nb4 9. Ng4 e5 10.
dxe5 Nc2 11. Ne3 Nxe3 12. Bxe3 Nxe5 13. Qb3 Qc7 14. Bf4 Bd6 15. Nc3 O-O 16. Bg3 Rfe8 17. Rad1 Rad8 18. Rfe1 h6 19. Bf1 Kf8 20. c5 Bxc5 21.
Rxe5 Rxe5 22. Bxe5 1-0

[Event "GrandPrix_30.05"]
[Site "Chess.com"]
[Date "2020.05.30"]
[Round "2"]
[White "SuperFineHipster"]
[Black "Alexander_Moskalenko"]
[Result "1-0"]
[WhiteElo "2187"]
[BlackElo "2347"]
[TimeControl "600+2"]
[EndTime "8:46:54 PDT"]
[Termination "SuperFineHipster won by resignation"]

1. Nf3 d5 2. g3 c6 3. Bg2 Bg4 4. O-O Nd7 5. d3 e6 6. Nbd2 Bd6 7. b3 Qf6 8. Rb1 Ne7 9. h3 Bxf3 10. Nxf3 Ne5 11. Nh2 g5 12. d4 Nd7 13. e4 dxe4 14.
Bxe4 h5 15. b4 Nd5 16. Qd2 h4 17. c4 hxg3 18. fxg3 Qh6 19. cxd5 Qxh3 20. dxe6 Qxg3+ 21. Qg2 Qxh2+ 22. Qxh2 Bxh2+ 23. Kg2 fxe6 24. Rh1 Nf6 25. Bg6+ Ke7 26. Rxh2 Rxh2+ 27. Kxh2 Rd8 28. b5 Rxd4 29. bxc6 bxc6 30. Bxg5 e5 31. Rf1 Rd6 32. Rf5 e4 33.
Ra5 Ke6 34. Bf5+ Ke7 35. Rxa7+ Kf8 36. Kg3 Rd3+ 37. Kf4 Nd5+ 38. Ke5 Rg3 39. Bh6+ Kg8 40. Bh7+ Kh8 41. Bxe4 Kg8 42. Ke6 Kh8 43. Ra8+ 1-0

[Event "GrandPrix_30.05"]
[Site "Chess.com"]
[Date "2020.05.30"]
[Round "2"]
[White "haddinibilbaoo"]
[Black "iceboy88"]
[Result "0-1"]
[WhiteElo "2128"]
[BlackElo "2347"]
[TimeControl "600+2"]
[EndTime "8:46:58 PDT"]
[Termination "iceboy88 won by resignation"]

1. d4 Nf6 2. Nf3 c5 3. d5 b5 4. a4 b4 5. c4 g6 6. b3 Bg7 7.
Bb2 O-O 8. Nbd2 e6 9. e4 exd5 10.
cxd5 Re8 11. Qc2 Nxe4 12. Bxg7 Nc3+ 13. Be5 d6 14. Ne4 Bf5 15. Bd3 Nxe4 16. Bxe4 Bxe4 17. Qxe4 Nd7 18. O-O Nxe5 19. Nd2 f5 20. Qc2 Qf6 21. Rae1 Re7 22. h3 Rae8 23. f4 Nd3 24. Rxe7 Qd4+ 25. Kh1 Rxe7 26. Nf3 Qc3 27. Qd1 Nxf4 28. Ng5 Qg3 29. Qd2 Qxg5 30. Rxf4 Re4 31. g3 Qxg3 32. Rxe4 Qxh3+ 33. Kg1 Qg3+ 34. Kh1 fxe4 0-1

[Event "GrandPrix_30.05"]
[Site "Chess.com"]
[Date "2020.05.30"]
[Round "2"]
[White "Arm-Akiba"]
[Black "mishikomchedlishvili"]
[Result "1/2-1/2"]
[WhiteElo "2847"]
[BlackElo "2447"]
[TimeControl "600+2"]
[EndTime "8:47:00 PDT"]
[Termination "Game drawn by repetition"]

1. d4 Nf6 2. c4 g6 3. Nc3 d5 4. Nf3 Bg7 5. Bg5 Ne4 6. Bf4 Nxc3 7. bxc3 c5 8. e3 O-O 9. cxd5 Qxd5 10. Be2 cxd4 11. cxd4 Nc6 12. O-O Bf5 13. Qa4 Qa5 14. Qxa5 Nxa5 15. Nd2 Rfc8 16. g4 Be6 17. Rfc1 Rxc1+ 18. Rxc1 Rc8 19. Rxc8+ Bxc8 20. d5 e6 21. Bc7 b6 22. Bb8 a6 23. Bc7 exd5 24. Bxb6 Nc6 25. Nb3 Bc3 26. g5 Kf8 27. f4 Ke7 28. Kf2 Kd6 29. h4 Bb4 30. h5 Ne7 31. Bd4 Nf5 32. Be5+ Kc6 33. Nd4+ Nxd4 34. Bxd4 a5 35. a4 Bd7 36. h6 Kd6 37. Bd1 Bf5 38. Be2 Bd7 39. Bd1 Bf5 40. Be2 Bd7 1/2-1/2

[Event "GrandPrix_30.05"]
[Site "Chess.com"]
[Date "2020.05.30"]
[Round "2"]
[White "Kobalia"]
[Black "Rikikits"]
[Result "1-0"]
[WhiteElo "2402"]
[BlackElo "2633"]
[TimeControl "600+2"]
[EndTime "8:47:04 PDT"]
[Termination "Kobalia won by resignation"]

1. e4 e6 2. d3 g6 3. Nf3 Bg7 4.
d4 d6 5. Bd3 Ne7 6. O-O Nd7 7.
Re1 a6 8. Nbd2 c5 9. c3 O-O 10.
Nf1 b5 11. Ng3 Bb7 12. h3 h6 13. Be3 e5 14. Qd2 Kh7 15. Rad1 Qc7 16. Bb1 Rad8 17. d5 c4 18. h4 Nc5 19. h5 Bc8 20. Nh2 Ng8 21. f4 exf4 22. Bxf4 Nd7 23. Nf3 Ne5 24. Nxe5 Bxe5 25. Bxe5 dxe5 26. Rf1 Qb6+ 27. Qf2 Qxf2+ 28. Rxf2 Kg7 29. Rdf1 g5 30. Nf5+ Bxf5 31. Rxf5 f6 32. R5f2 Ne7 33. b4 Nc8 34. a4 Nd6 35. Ra2 Kf7 36.
axb5 axb5 37. Ra7+ Kg8 38. Bc2 Rf7 39. Rfa1 Rdd7 40.
Ra8+ Kg7 41. Rb8 f5 42. exf5 Kf6 43. Rg8 e4 44. Rg6+ Ke5 45. Re6+ Kf4 46. f6 g4 47.
Ra6 Nf5 48. Rxe4+ Kg5 49. Re5 1-0

[Event "GrandPrix_30.05"]
[Site "Chess.com"]
[Date "2020.05.30"]
[Round "2"]
[White "cukus"]
[Black "chansen64"]
[Result "1-0"]
[WhiteElo "2202"]
[BlackElo "2029"]
[TimeControl "600+2"]
[EndTime "8:47:10 PDT"]
[Termination "cukus won by resignation"]

1. e4 c5 2. Nf3 Nc6 3. Nc3 g6 4. d4 cxd4 5. Nxd4 Bg7 6. Be3 Nf6 7. Bc4 Qa5 8. O-O O-O 9. h3 d6 10. Bb3 Bd7 11. Re1 Rac8 12. Qe2 a6 13. Rad1 b5 14. a3 Rfd8 15. Nf3 Be8 16. Nd5 Nxd5 17. exd5 Ne5 18. Nxe5 Bxe5 19. Bd4 Bf6 20. c3 Qc7 21. Qf3 Kg7 22.
h4 h5 23. Re3 Bxd4 24. Rxd4 f6 25. g4 hxg4 26. Rxg4 Bf7 27. Bc2 Rh8 28. Bxg6 Bxg6 29.
Qf5 Rh6 30. h5 Rg8 31. Reg3 1-0

[Event "GrandPrix_30.05"]
[Site "Chess.com"]
[Date "2020.05.30"]
[Round "2"]
[White "sahidi"]
[Black "OK97"]
[Result "1-0"]
[WhiteElo "2220"]
[BlackElo "2316"]
[TimeControl "600+2"]
[EndTime "8:47:16 PDT"]
[Termination "sahidi won by checkmate"]

1. e4 c5 2. Nf3 d6 3. d4 cxd4 4.
Nxd4 Nf6 5. Nc3 Nc6 6. Be2 e5 7. Nb3 Be7 8. Bg5 Be6 9. Bxf6 Bxf6 10. Nd5 O-O 11. O-O Bg5 12. c3 g6 13. Qd3 Kh8 14. Rad1 f5 15. Ne3 Be7 16. Bf3 a5 17.
exf5 gxf5 18. Bd5 Bd7 19. Nd2 e4 20. Qc2 Rc8 21. Qb3 b5 22. Be6 a4 23. Qd5 Ne5 24.
Bxd7 Qxd7 25. Nxe4 Qe8 26. Nxd6 Bxd6 27. Qxd6 f4 28. Nd5 Qh5 29. Rfe1 Nc4 30. Qd7 f3 31. Ne7 Rcd8 32. Qe6 Rxd1 33. Rxd1 fxg2 34. Rd8 Qf3 35. Qg8+ Rxg8 36. Rxg8# 1-0

[Event "GrandPrix_30.05"]
[Site "Chess.com"]
[Date "2020.05.30"]
[Round "2"]
[White "Martin_Petrov2000"]
[Black "Flawless_Fighter"]
[Result "1-0"]
[WhiteElo "2110"]
[BlackElo "2210"]
[TimeControl "600+2"]
[EndTime "8:47:33 PDT"]
[Termination "Martin_Petrov2000 won by checkmate"]

1. d4 Nf6 2. Nf3 e6 3. e3 d5 4.
Bd3 b6 5. O-O Bb7 6. b3 Be7 7.
Bb2 O-O 8. Nbd2 c5 9. Ne5 Nc6 10. f4 Rc8 11. a3 a6 12. g4 Ne4 13. Nxc6 Bxc6 14. Nxe4 dxe4 15. Bxa6 Ra8 16. Be2 cxd4 17. Qxd4 Bf6 18. Qxd8 Rfxd8 19. Bxf6 gxf6 20. Rfd1 b5 21. Kf2 Kf8 22. Rxd8+ Rxd8 23. Rd1 Ra8 24. Rd6 Be8 25.
Rb6 Rc8 26. c4 bxc4 27. Bxc4 Kg7 28. Rd6 h5 29. gxh5 Kh6 30. f5 exf5 31. Kg3 Kxh5 32. Rxf6 Kg5 33. Rd6 Ra8 34. h4+ Kh5 35. Be2# 1-0

[Event "GrandPrix_30.05"]
[Site "Chess.com"]
[Date "2020.05.30"]
[Round "2"]
[White "Spartakus1975"]
[Black "MikaelyanArman1996"]
[Result "0-1"]
[WhiteElo "2540"]
[BlackElo "2370"]
[TimeControl "600+2"]
[EndTime "8:47:36 PDT"]
[Termination "MikaelyanArman1996 won by resignation"]

1. e4 c5 2. c3 Nf6 3. e5 Nd5 4.
Nf3 Nc6 5. d4 cxd4 6. cxd4 d6 7.
Bc4 Nb6 8. Bb5 Bd7 9. Nc3 dxe5 10. dxe5 g6 11. O-O Bg7 12. Qe2 O-O 13. Rd1 Qc7 14. Bf4 Bg4 15. Rac1 Bxf3 16. Qxf3 Bxe5 17. Bxc6 Bxf4 18.
Nb5 Qe5 19. Re1 Qg5 20. h4 Qh6 21. Bxb7 Bxc1 22. Bxa8 Nxa8 23. Rxe7 Bxb2 24. Nd6 Qc1+ 25. Kh2 Ba3 26. Qf6 Qc6 27. Ne4 Qxf6 28. Nxf6+ Kg7 29. Ne8+ Kh8 30. Re4 f5 31. Re6 Kg8 32. Nf6+ Kg7 33. Nd7 Rd8 34. Ne5 Bd6 35. f4 Nc7 0-1

[Event "GrandPrix_30.05"]
[Site "Chess.com"]
[Date "2020.05.30"]
[Round "2"]
[White "LorisinoC"]
[Black "Glek_Igor"]
[Result "1/2-1/2"]
[WhiteElo "2139"]
[BlackElo "2455"]
[TimeControl "600+2"]
[EndTime "8:47:47 PDT"]
[Termination "Game drawn by agreement"]

1. e4 e6 2. d4 d5 3. exd5 exd5 4.
Nf3 Bd6 5. c4 c6 6. Nc3 Ne7 7.
Be2 O-O 8. O-O h6 9. Re1 dxc4 10.
Bxc4 Nd7 11. Bd2 Nb6 12. Bb3 Bg4 13. h3 Bh5 14. g4 Bg6 15. Ne5 Bc7 16. f4 Qxd4+ 17.
Be3 Qxd1 18. Raxd1 Bxe5 19. Bxb6 Bxc3 20. bxc3 Nd5 21.
Bc5 Nxf4 22. Bxf8 Kxf8 23. Re3 Re8 24. Rxe8+ Kxe8 25. Kh2 Ke7 26. Rd2 b5 27. Kg3 Ne6 28. Bxe6 fxe6 29. Kf4 a5 30. Ke5 Be8 31. h4 a4 32. g5 hxg5 33. hxg5 c5 34. Rd6 Bd7 35. Rb6 1/2-1/2

[Event "GrandPrix_30.05"]
[Site "Chess.com"]
[Date "2020.05.30"]
[Round "2"]
[White "weplaychess09"]
[Black "anesar92"]
[Result "0-1"]
[WhiteElo "2058"]
[BlackElo "2419"]
[TimeControl "600+2"]
[EndTime "8:47:52 PDT"]
[Termination "anesar92 won by resignation"]

1. d4 Nf6 2. c4 e6 3. Nf3 Bb4+ 4.
Nbd2 O-O 5. a3 Be7 6. e4 d6 7. Bd3 e5 8. d5 a5 9. O-O Nfd7 10.
Bc2 Na6 11. Nb1 Nb6 12. Qe2 Nc5 13. b3 a4 14. b4 Nb3 15. Bxb3 axb3 16. Nbd2 f5 17. Nxb3 fxe4 18. Qxe4 Bf5 19. Qe2 Bg4 20.
Nbd2 Qe8 21. Rb1 Qg6 22. Rb3 Rf4 23. Re1 Raf8 24. Kh1 Qc2 25. Rb2 Qf5 26. Rb3 Qh5 27.
Re3 Bg5 28. Re4 R4f7 29. Kg1 Bxd2 30. Bxd2 Rxf3 31. gxf3 Bxf3 32. Qe3 Qg6+ 33. Qg5 Bxe4 34. Qxg6 Bxg6 35. Rc1 Bd3 36. c5 Nxd5 37. cxd6 cxd6 38.
Rd1 Be2 39. Re1 Bf3 40. b5 Ra8 41. Ra1 Ra4 42. Kf1 Kf7 43. Ra2 Ke6 44. Be1 Nf4 45. Bd2 Nd3 46. Be3 Rh4 47. Kg1 Rg4+ 48. Kf1 Rg2 0-1

[Event "GrandPrix_30.05"]
[Site "Chess.com"]
[Date "2020.05.30"]
[Round "2"]
[White "Igor_Lysyj"]
[Black "RovenVogel"]
[Result "1/2-1/2"]
[WhiteElo "2619"]
[BlackElo "2356"]
[TimeControl "600+2"]
[EndTime "8:48:29 PDT"]
[Termination "Game drawn by repetition"]

1. d4 Nf6 2. c4 e6 3. Nf3 d5 4. g3 Be7 5. Bg2 O-O 6. O-O dxc4 7.
Ne5 Nc6 8. Bxc6 bxc6 9. Nxc6 Qe8 10. Nxe7+ Qxe7 11. Nc3 c5 12. dxc5 Qxc5 13. Be3 Qc6 14. Qa4 Bd7 15. Qxc6 Bxc6 16. Rfd1 Nd5 17. Rd4 Nxc3 18.
bxc3 a6 19. Rd6 Bd5 20. Rb1 Rfd8 21. Rxd8+ Rxd8 22. Rb6 f6 23. f3 a5 24. Kf2 e5 25.
Ra6 Ra8 26. Rd6 Bf7 27. Bc5 h5 28. h4 Rb8 29. Ra6 Rb5 30. Bb6 Rb2 31. a3 Bg6 32. Ke1 Rb1+ 33. Kf2 Rb2 34. Ke1 Rb1+ 35. Kf2 Rb2 1/2-1/2

[Event "GrandPrix_30.05"]
[Site "Chess.com"]
[Date "2020.05.30"]
[Round "2"]
[White "Azatic"]
[Black "Mizner"]
[Result "1-0"]
[WhiteElo "2361"]
[BlackElo "2113"]
[TimeControl "600+2"]
[EndTime "8:48:30 PDT"]
[Termination "Azatic won by resignation"]

1. e4 e6 2. d4 d5 3. e5 c5 4. c3 Nc6 5. Nf3 Qb6 6. a3 f6 7.
Bd3 fxe5 8. dxe5 c4 9. Bc2 Nh6 10. Nbd2 Ng4 11. O-O Ngxe5 12. Nxe5 Nxe5 13. Re1 Nd7 14. Qh5+ Kd8 15. Nf3 Nf6 16. Bg5 Be7 17. Qf7 Bd7 18.
Nd4 Rf8 19. Qxg7 Rg8 20. Qh6 e5 21. Rxe5 1-0

[Event "GrandPrix_30.05"]
[Site "Chess.com"]
[Date "2020.05.30"]
[Round "2"]
[White "Keks2017"]
[Black "Hrant_ChessMood"]
[Result "0-1"]
[WhiteElo "2378"]
[BlackElo "2868"]
[TimeControl "600+2"]
[EndTime "8:48:35 PDT"]
[Termination "Hrant_ChessMood won by resignation"]

1. g3 d5 2. Bg2 Nf6 3. d3 e5 4. Nf3 Bd6 5. O-O O-O 6. c4 c6 7. cxd5 cxd5 8. Nc3 Nc6 9. Bg5 Be6 10. Nd2 Be7 11.
Bxf6 Bxf6 12. e4 dxe4 13. dxe4 Nd4 14. Nd5 Rc8 15. Nb3 Bxd5 16. exd5 Nb5 17. Rc1 Nd6 18.
Qd3 Qb6 19. Bh3 e4 20. Qe2 Rcd8 21. Rc2 Rfe8 22. Rd1 e3 23. f3 g6 24. Bf1 Nf5 25.
Kg2 a5 26. Rc4 Rc8 27. Rdc1 Rxc4 28. Rxc4 Nd6 29. Rc2 Kg7 30. Nc5 Re7 31. Qd3 Nf5 32. Na4 Qb4 33. Rc4 Qd2+ 0-1

[Event "GrandPrix_30.05"]
[Site "Chess.com"]
[Date "2020.05.30"]
[Round "2"]
[White "NikolaGry"]
[Black "Cocolino12"]
[Result "1-0"]
[WhiteElo "2109"]
[BlackElo "2217"]
[TimeControl "600+2"]
[EndTime "8:48:35 PDT"]
[Termination "NikolaGry won by resignation"]

1. b3 e5 2. Bb2 Nc6 3. c4 Nf6 4. e3 d5 5. cxd5 Nxd5 6. d3 Be7 7. Nf3 f6 8. a3 O-O 9. Be2 Be6 10. O-O a5 11. Nbd2 Qe8 12. Qc2 g5 13. Ne4 g4 14.
Nfd2 f5 15. Nc5 Bc8 16. Rfe1 f4 17. exf4 Rxf4 18. Nde4 Nd4 19. Bxd4 exd4 20. g3 Rf8 21.
Bf1 b6 22. Na4 Bb7 23. Bg2 Qd7 24. Qb2 c5 25. Qd2 Qf5 26. Nb2 Rae8 27. Nc4 Nc3 28. Ned6 Bxd6 29. Nxd6 Rxe1+ 30. Rxe1 Qg6 31. Nxb7 a4 32.
bxa4 Nxa4 33. Re5 h6 34. Bd5+ Kh8 35. Re6 Rf6 36. Rxf6 Qxf6 37. Qe2 Qg6 38. Qe5+ Qg7 39. Qe8+ 1-0

[Event "GrandPrix_30.05"]
[Site "Chess.com"]
[Date "2020.05.30"]
[Round "2"]
[White "ftorodent"]
[Black "Pash2015"]
[Result "1-0"]
[WhiteElo "2139"]
[BlackElo "2207"]
[TimeControl "600+2"]
[EndTime "8:48:52 PDT"]
[Termination "ftorodent won by resignation"]

1. d4 d5 2. c4 e6 3. Nf3 Nf6 4. Nc3 Bb4 5. Qa4+ Nc6 6. e3 O-O 7. Bd2 Bd7 8. Qc2 Re8 9. a3 Bf8 10. Bd3 h6 11. O-O dxc4 12. Bxc4 e5 13. Qb3 Be6 14.
d5 Na5 15. dxe6 Nxb3 16. exf7+ Kh8 17. fxe8=Q Nxe8 18. Bxb3 Bd6 19. e4 Nf6 20. Rfd1 Qd7 21. Be3 Qg4 22. h3 Qh5 23. Nd2 Rf8 24. Nc4 Be7 25. Nd5 Nxd5 26. Rxd5 Bf6 27. Rad1 Qg6 28. Nxe5 Qxe4 29. Nd7 Rf7 30. R5d2 Re7 31. Nxf6 gxf6 32. Bxh6 Qg6 33. Be3 b6 34. Bc2 Qh5 35. Rd5 Qe2 36. R1d2 Qe1+ 37. Kh2 Kg7 38. Bf5 Qa1 39. Bd4 c6 40. Rd8 Qe1 41. Bc3 Qc1 42. R8d6 Rf7 43. Rxc6 Qf1 44. Be6 Qb5 45. Rcd6 Rc7 46. Bxf6+ Kh7 47.
R2d5 Qa4 48. Bf5+ Kg8 49. Be5 Kf7 50. Rf6+ Ke7 51. Re6+ Kf7 52. Bxc7 1-0

[Event "GrandPrix_30.05"]
[Site "Chess.com"]
[Date "2020.05.30"]
[Round "2"]
[White "Margency"]
[Black "vladislavkovalev"]
[Result "0-1"]
[WhiteElo "2226"]
[BlackElo "2791"]
[TimeControl "600+2"]
[EndTime "8:48:54 PDT"]
[Termination "vladislavkovalev won by resignation"]

1. e4 e5 2. Nf3 Nc6 3. Bc4 Nf6 4. d3 Bc5 5. c3 a6 6. a4 d6 7. O-O h6 8. Na3 O-O 9. Nc2 Re8 10. Be3 Bxe3 11. Nxe3 Be6 12. a5 Bxc4 13. Nxc4 d5 14.
exd5 Qxd5 15. Qb3 Qb5 16. Qa2 Rad8 17. Rad1 e4 18. dxe4 Nxe4 19. Rxd8 Rxd8 20. Re1 Qd5 21. Qa4 Nc5 22. Qa2 Ne6 23. Qa4 Nc5 24. Qa2 Nd3 25.
Rd1 Nxa5 26. Qxa5 Qxc4 27. Ne5 Qb3 28. Rd2 Rd5 29. Qxc7 Nxe5 30. Qc8+ Kh7 31. Qf5+ g6 0-1

[Event "GrandPrix_30.05"]
[Site "Chess.com"]
[Date "2020.05.30"]
[Round "2"]
[White "TimofeevAr"]
[Black "chessdjw"]
[Result "1-0"]
[WhiteElo "2658"]
[BlackElo "2284"]
[TimeControl "600+2"]
[EndTime "8:48:57 PDT"]
[Termination "TimofeevAr won by resignation"]

1. c4 g6 2. Nc3 c5 3. e3 Bg7 4. h4 Nf6 5. Be2 d5 6. cxd5 Nxd5 7. h5 Nc6 8. h6 Bf6 9. Ne4 Bf5 10. Nxf6+ Nxf6 11. d3 Qd7 12. e4 Be6 13. Nf3 Bg4 14. Be3 Bxf3 15. Bxf3 Nd4 16. e5 Nxf3+ 17. Qxf3 Ng4 18.
Qe4 Nxe3 19. fxe3 Rd8 20. Rd1 O-O 21. O-O Qd5 22. b3 Qxe4 23. dxe4 Rfe8 24. Kf2 Kf8 25.
Ke2 e6 26. Rd6 Ke7 27. Rfd1 Rf8 28. g4 g5 29. a4 Rg8 30. a5 Rgf8 31. R1d2 Rxd6 32.
exd6+ Kd7 33. e5 f6 34. Kd3 fxe5 35. Ke4 Rf6 36. Kxe5 Rxh6 37. Rf2 Ke8 38. e4 b5 39. a6 Rg6 40. Rc2 Kd7 41. Rxc5 h5 42. gxh5 Rg8 43.
Rc7+ Kd8 44. Rxa7 1-0

[Event "GrandPrix_30.05"]
[Site "Chess.com"]
[Date "2020.05.30"]
[Round "2"]
[White "levvard"]
[Black "PlayChessSimple"]
[Result "1-0"]
[WhiteElo "2038"]
[BlackElo "2141"]
[TimeControl "600+2"]
[EndTime "8:49:08 PDT"]
[Termination "levvard won by checkmate"]

1. b4 f5 2. Bb2 Nf6 3. e3 g6 4. Bc4 Bg7 5. Na3 e6 6. Nf3 O-O 7. O-O a5 8. b5 b6 9. Be2 Bb7 10. Rc1 d6 11. c4 Nbd7 12. d4 Ne4 13. Nb1 e5 14. c5 dxc5 15. Bc4+ Kh8 16. Nxe5 Nxe5 17.
dxe5 f4 18. exf4 Rxf4 19. f3 Nd6 20. Bd3 Qg5 21. g3 Raf8 22. Qd2 c4 23. exd6 Qc5+ 24.
Qf2 Rd4 25. Be2 Bxf3 26. Bxf3 Rxf3 27. Qxf3 Rf4+ 28. Kg2 Rxf3 29. Bxg7+ Kxg7 30. Rxf3 cxd6 31. Na3 d5 32. Kf1 Qb4 33. h3 Qb2 34. Rc2 Qa1+ 35. Kg2 Qe5 36. g4 Qe4 37. Kf2 Qd4+ 38. Kf1 Qe4 39.
Kg2 d4 40. Rxc4 Qe2+ 41. Kg3 d3 42. Rc7+ Kh6 43. Nc4 d2 44. Ne3 d1=Q 45. g5+ Kxg5 46. h4+ Kh6 47. Ng4+ Kh5 48. Rxh7# 1-0

[Event "GrandPrix_30.05"]
[Site "Chess.com"]
[Date "2020.05.30"]
[Round "2"]
[White "Forking_U"]
[Black "Andrei_Belozerov"]
[Result "0-1"]
[WhiteElo "2142"]
[BlackElo "2483"]
[TimeControl "600+2"]
[EndTime "8:49:10 PDT"]
[Termination "Andrei_Belozerov won by resignation"]

1. e4 c5 2. Nf3 d6 3. d4 cxd4 4. Nxd4 Nf6 5. Nc3 a6 6. Be3 e5 7. Nb3 Be6 8. Qd2 Nbd7 9. O-O-O Be7 10. f4 b5 11. f5 Bc4 12. a3 Rc8 13. Kb1 Qc7 14.
g4 Bxf1 15. Rdxf1 Qb7 16. Qg2 Rxc3 17. bxc3 Nxe4 18. Kb2 d5 19. Rd1 Nxc3 20. Na5 Qc7 21. Nb3 O-O 22. Rxd5 Nxd5 23. Qxd5 Rc8 24. Qd3 e4 25. Qxe4 Nf6 26. Qd3 Nxg4 27. Bd4 Bf6 28. Bxf6 Nxf6 29. Rd1 h5 30. Rd2 Qe5+ 31. Ka2 Ne4 32. Qd4 Qxf5 33. Rg2 Nc3+ 34. Kb2 Na4+ 0-1

[Event "GrandPrix_30.05"]
[Site "Chess.com"]
[Date "2020.05.30"]
[Round "2"]
[White "khekhm"]
[Black "Alex_Molchanov"]
[Result "1-0"]
[WhiteElo "2442"]
[BlackElo "2058"]
[TimeControl "600+2"]
[EndTime "8:49:19 PDT"]
[Termination "khekhm won by resignation"]

1. e4 c6 2. d4 d5 3. Nc3 dxe4 4. Nxe4 Bf5 5. Ng3 Bg6 6. c3 e6 7. Nh3 Nf6 8. Nf4 Bd6 9. h4 Qc7 10. Qf3 Nbd7 11. h5 Bc2 12. h6 g6 13. Bd3 Bxd3 14.
Nxd3 Qa5 15. Bf4 Bxf4 16. Qxf4 O-O-O 17. O-O Rhf8 18. b4 Qb5 19. Rfd1 Nh5 20. Nxh5 Qxh5 21. a4 Qf5 22. Qg3 Rfe8 23. b5 c5 24. Nb2 Nf6 25. Nc4 Ne4 26. Qe3 Qd5 27. Ne5 f6 28. Nf7 Rd7 29. dxc5 Qxd1+ 30. Rxd1 Rxd1+ 31. Kh2 Rd7 32. Qxe4 Rxf7 33. c6 Rc7 34. cxb7+ Kb8 35. c4 Rxb7 36. c5 Rd7 37. Qc6 Ree7 38. b6 f5 39. a5 a6 40. f4 Rd5 41. Kh3 Rd3+ 42. Kh4 Rd5 43. Kg5 Rdd7 44. Qa4 e5 45. c6 Rd4 46.
Qa3 Rf7 47. Qc5 Re4 48. Qd6+ Kc8 49. Qe6+ 1-0

[Event "GrandPrix_30.05"]
[Site "Chess.com"]
[Date "2020.05.30"]
[Round "2"]
[White "Sunerorlater"]
[Black "cantdefyme"]
[Result "1-0"]
[WhiteElo "2193"]
[BlackElo "1951"]
[TimeControl "600+2"]
[EndTime "8:49:26 PDT"]
[Termination "Sunerorlater won by resignation"]

1. d4 Nf6 2. c4 g6 3. Nc3 Bg7 4.
e4 O-O 5. h3 d6 6. Bg5 h6 7. Be3 e5 8. d5 a5 9. Qd2 Kh7 10. Bd3 Na6 11. Nge2 Nd7 12. g4 c6 13.
Ng3 Nac5 14. Bc2 Nb6 15. Qe2 cxd5 16. cxd5 Bd7 17. h4 a4 18. h5 a3 19. b3 Bf6 20.
hxg6+ fxg6 21. Rxh6+ Kg7 22. Nf5+ gxf5 23. gxf5 Rg8 24.
Qh5 Kf8 25. Rh7 Be8 26. Qh6+ Rg7 27. O-O-O Nbd7 28. Rg1 Qe7 29. Rh8+ Kf7 30. Qh5+ 1-0

[Event "GrandPrix_30.05"]
[Site "Chess.com"]
[Date "2020.05.30"]
[Round "2"]
[White "LANCELOT96"]
[Black "Guenplen"]
[Result "0-1"]
[WhiteElo "2141"]
[BlackElo "2538"]
[TimeControl "600+2"]
[EndTime "8:49:37 PDT"]
[Termination "Guenplen won by checkmate"]

1. d4 d5 2. c4 e6 3. Nc3 a6 4.
cxd5 exd5 5. Nf3 Nf6 6. Bg5 Be6 7. e3 Nbd7 8. Be2 Bd6 9. O-O Qb8 10. Rc1 c6 11. h3 h6 12. Bxf6 Nxf6 13. Na4 O-O 14. Nc5 Qc7 15. Bd3 Rae8 16. Qc2 Bc8 17. b4 Qe7 18. Bf5 Bxf5 19. Qxf5 g6 20. Qc2 Ne4 21. a4 Rc8 22. Qb3 Rfe8 23. Rc2 g5 24. Nd2 Nf6 25. Rfc1 h5 26. b5 axb5 27. axb5 g4 28. hxg4 hxg4 29.
g3 Kg7 30. bxc6 bxc6 31. Na4 Rh8 32. Rxc6 Rxc6 33. Rxc6 Ne4 34. Qxd5 Nxd2 35. Qxd6 Rh1+ 36. Kxh1 Qe4+ 37. Kh2 Nf3+ 38. Kg2 Nh4+ 39. Kf1 Qd3+ 40. Kg1 Qd1+ 41. Kh2 Nf3+ 42. Kg2 Qg1# 0-1

[Event "GrandPrix_30.05"]
[Site "Chess.com"]
[Date "2020.05.30"]
[Round "2"]
[White "Yaroslav_Remizov"]
[Black "SantoBlue"]
[Result "1-0"]
[WhiteElo "2312"]
[BlackElo "2481"]
[TimeControl "600+2"]
[EndTime "8:49:50 PDT"]
[Termination "Yaroslav_Remizov won by resignation"]

1. e4 e5 2. Nf3 Nc6 3. Bc4 Bc5 4. c3 Nf6 5. d3 d6 6. Nbd2 a6 7. Nf1 Ba7 8. Bb3 Be6 9. Ng3 Bxb3 10. axb3 d5 11.
Bg5 dxe4 12. dxe4 Qxd1+ 13. Rxd1 Nd7 14. Nf5 Rg8 15. b4 f6 16. Be3 g6 17. Nh6 Rf8 18.
Bxa7 Nxa7 19. h4 O-O-O 20. h5 Nc6 21. Ke2 Ne7 22. Ng4 Rf7 23. hxg6 hxg6 24. Rh6 Nf8 25. Rh8 Ne6 26. Rdxd8+ Nxd8 27. Nh6 Rg7 28. Rf8 Rh7 29.
Ng4 f5 30. Ngxe5 fxe4 31. Ng5 Rg7 32. Rxd8+ 1-0

[Event "GrandPrix_30.05"]
[Site "Chess.com"]
[Date "2020.05.30"]
[Round "2"]
[White "KruHor"]
[Black "Saqo007"]
[Result "1/2-1/2"]
[WhiteElo "2408"]
[BlackElo "2149"]
[TimeControl "600+2"]
[EndTime "8:49:51 PDT"]
[Termination "Game drawn by repetition"]

1. d4 d5 2. c4 e6 3. Nf3 Nf6 4.
Nc3 Be7 5. Bg5 O-O 6. e3 h6 7. Bxf6 Bxf6 8. Qb3 c6 9. Rd1 Nd7 10. Bd3 a6 11. Bb1 g6 12. h4 Bg7 13. Qc2 f5 14.
Ne2 Nf6 15. Nf4 Qe8 16. Ne5 g5 17. hxg5 hxg5 18. Nfg6 Ne4 19. Nxf8 Qxf8 20. Qe2 g4 21. Bxe4 dxe4 22. c5 b6 23. cxb6 Qb4+ 24. Qd2 Qxb6 25.
Rc1 Bb7 26. Nd7 Qb5 27. Nc5 Bc8 28. a4 Qb6 29. Rc3 Rb8 30. Rb3 Qc7 31. Rxb8 Qxb8 32. Qa5 Bf6 33. b3 g3 34. Qd2 Bg5 35. Rh5 Bf6 36.
Rh3 gxf2+ 37. Qxf2 Qb4+ 38. Kf1 Qc3 39. Qg3+ Kf8 40.
Qd6+ Kg8 41. Rg3+ Kf7 42. Qc7+ Be7 43. Qxc8 Qc1+ 44. Kf2 Qd2+ 45. Kg1 Qd1+ 46. Kh2 Qh5+ 47. Kg1 Qd1+ 48. Kh2 Qh5+ 49. Kg1 Qd1+ 1/2-1/2

[Event "GrandPrix_30.05"]
[Site "Chess.com"]
[Date "2020.05.30"]
[Round "2"]
[White "Zakaryan_David"]
[Black "elohunter1999"]
[Result "1-0"]
[WhiteElo "1579"]
[BlackElo "2201"]
[TimeControl "600+2"]
[EndTime "8:49:53 PDT"]
[Termination "Zakaryan_David won on time"]

1. d4 Nf6 2. c4 e6 3. Nf3 d5 4. g3 Bb4+ 5. Bd2 Be7 6. Bg2 O-O 7. O-O Nbd7 8. Qc2 Ne4 9. Bf4 c6 10. Nc3 g5 11. Bc1 f5 12. e3 b6 13.
b3 Bb7 14. Ne5 Nxe5 15. dxe5 Qe8 16. Bb2 Qg6 17. Ne2 Rac8 18. Rfd1 Kh8 19. Rac1 h5 20. f3 Nc5 21. b4 Nd7 22. cxd5 exd5 23. e6+ Nf6 24.
Nd4 Bxb4 25. Qxf5 Kh7 26. g4 hxg4 27. fxg4 c5 28. Nf3 Ne4 29. Qxg6+ Kxg6 30. Ne5+ Kh6 31. Bxe4 dxe4 32. Nf7+ Kg6 33. Ne5+ Kh6 34. e7 Rfe8 35.
Rd6+ Kh7 36. Nf7 Rc6 37. Bf6 Rxd6 38. Nxd6 Bd2 39. Rd1 Bxe3+ 40. Kg2 Rb8 41. Nxb7 Bf4 42. Nd8 1-0

[Event "GrandPrix_30.05"]
[Site "Chess.com"]
[Date "2020.05.30"]
[Round "2"]
[White "Jan1401"]
[Black "Sanan_Sjugirov"]
[Result "0-1"]
[WhiteElo "2284"]
[BlackElo "2657"]
[TimeControl "600+2"]
[EndTime "8:49:54 PDT"]
[Termination "Sanan_Sjugirov won by checkmate"]

1. e4 c5 2. Nf3 d6 3. Bb5+ Bd7 4. Bxd7+ Qxd7 5. O-O Nf6 6. Re1 Nc6 7. c3 e6 8. d4 cxd4 9. cxd4 d5 10. e5 Ne4 11.
a3 Be7 12. Nbd2 Nxd2 13. Bxd2 O-O 14. Rc1 Rfc8 15. Rc3 Bd8 16. Rd3 Ne7 17. h4 Nf5 18. g4 Ne7 19. h5 Qc6 20. Bc3 h6 21. Kg2 Qb5 22. Qd2 a5 23. Nh4 Qc4 24. Rf3 Nc6 25. Rh3 b5 26. Rc1 Bg5 27. f4 Bxh4 28.
Rxh4 Nxd4 29. Re1 Nb3 30. Qf2 d4 31. Bd2 Qd5+ 32. Kg3 Rc2 33. Rd1 Rac8 34. g5 Nxd2 35. Rxd2 Qb3+ 36. Kg4 Rxd2 37. Qxd2 Rc2 38. Qxd4 Rg2# 0-1